AoeStats
← mryendl2410

African Clearing

510328240Analyzed
4v4 RM · 10h ago on Sep 30, 2026· 43m 9s· 8 players
Game mode
Random Map
Map size
Large (8 player)
Population
200
Speed
Normal
Resources
Standard
Victory
Conquest
Starting age
Dark Age
Ending age
Imperial Age
RankedLock teamsTeams togetherTeam positionsShared explorationLock speedFull tech treeHidden civsTurbo modeCheats
Victory
Defeat
🇻🇳 Spanish · Vietnam
1286
+14
🇨🇳 Bulgarians · China
1281
+14
🇻🇳 Britons · Vietnam
1267
+15
🇹🇷 Dravidians · Türkiye
1258
+15
🇵🇪 Japanese · Peru
1294
-18
🇨🇳 Inca · China
1237
-14
🇨🇳 Franks · China
1215
-13
🇨🇳 Bengalis · China
1203
-13
仙逆许木
3:50 Loom
13:50 Feudal Age
15:10 Double-Bit Axe
17:37 Castle Age
23:11 Fletching
26:42 Bodkin Arrow
28:22 Horse Collar
29:43 Wheelbarrow
32:55 Town Watch
34:20 Scale Barding Armor
34:25 Forging
36:41 Chain Barding Armor
37:02 Iron Casting
40:00 Gold Mining
40:01 Stone Mining
44:59 Imperial Age
piecardinap
3:27 Loom
15:13 Feudal Age
19:47 Castle Age
17:44 Double-Bit Axe
27:12 Wheelbarrow
27:15 Horse Collar
30:42 Scale Barding Armor
31:14 Stone Mining
31:23 Gold Mining
35:20 Imperial Age
33:20 Heavy Plow
33:32 Bow Saw
35:27 Forging
35:51 Chain Barding Armor
36:38 Ballistics
37:09 Husbandry
37:19 Bloodlines
37:35 Conscription
37:18 Elite Conquistador
39:21 Plate Barding Armor
39:39 Iron Casting
39:53 Hand Cart
39:47 Town Watch
42:22 Blast Furnace
mryendl2410
6:32 Loom
14:09 Feudal Age
19:41 Castle Age
18:22 Fletching
19:08 Padded Archer Armor
20:22 Bodkin Arrow
20:42 Crossbowman
24:48 Leather Archer Armor
25:19 Double-Bit Axe
28:24 Ballistics
32:37 Wheelbarrow
37:15 Imperial Age
35:28 Bow Saw
35:20 Horse Collar
35:31 Gold Mining
35:46 Gold Mining
36:40 Heavy Plow
37:20 Gold Shaft Mining
36:43 Town Watch
38:02 Bracer
37:29 Arbalester
38:02 Capped Ram
39:18 Ring Archer Armor
41:19 Chemistry
chakar
8:53 Loom
14:46 Feudal Age
15:38 Double-Bit Axe
18:31 Castle Age
16:28 Horse Collar
18:14 Fletching
18:18 Gold Mining
20:20 Bow Saw
20:12 Heavy Plow
21:33 Wheelbarrow
23:34 Stone Mining
24:02 Squires
24:02 Pikeman
25:13 Scale Mail Armor
26:44 Elite Skirmisher
28:07 Bodkin Arrow
29:14 Chain Mail Armor
30:40 Padded Archer Armor
33:12 Leather Archer Armor
33:17 Town Watch
33:47 Forging
34:47 Ballistics
35:57 Iron Casting
40:19 Imperial Age
39:09 Arson
41:41 Bracer
42:11 Ring Archer Armor
42:43 Chemistry
41:54 Masonry
42:06 Conscription
41:43 Elite Elephant Archer
kraquen
16:03 Feudal Age
20:29 Castle Age
19:55 Loom
20:12 Fletching
21:48 Bodkin Arrow
28:22 Padded Archer Armor
29:24 Leather Archer Armor
29:13 Town Watch
30:20 Elite Skirmisher
35:01 Double-Bit Axe
36:42 Horse Collar
37:50 Ballistics
38:57 Thumb Ring
39:53 Bow Saw
diudiudiu丶
4:03 Loom
14:20 Feudal Age
15:23 Double-Bit Axe
17:12 Scale Barding Armor
18:24 Forging
25:56 Castle Age
25:06 Wheelbarrow
26:41 Gold Mining
27:17 Bow Saw
27:23 Husbandry
36:59 Gold Shaft Mining
38:55 Squires
38:41 Gambesons
38:16 Pikeman
不知天上水
13:06 Loom
14:57 Feudal Age
19:49 Castle Age
18:20 Double-Bit Axe
20:35 Horse Collar
26:06 Bloodlines
29:04 Fletching
29:15 Padded Archer Armor
32:52 Bodkin Arrow
34:45 Leather Archer Armor
36:22 Gold Mining
36:48 Husbandry
37:40 Bow Saw
39:01 Wheelbarrow
39:18 Gold Shaft Mining
老k
5:01 Loom
14:29 Feudal Age
18:55 Castle Age
17:30 Forging
17:21 Scale Mail Armor
17:06 Champi Runner
17:39 Double-Bit Axe
17:50 Arson
18:24 Horse Collar
19:51 Squires
20:07 Chain Mail Armor
19:53 Gold Mining
20:38 Pikeman
Connection lost

Rejoining the realm…

Still unreachable

The connection could not be restored.

Session expired

The server has moved on; the page needs a fresh start.